 Seeded DCSS version 0.31-a0-983-g7b6862f502 (webtiles) character file.

Game seed: 13263922787007048489 (custom seed)

56 thriggle the Slasher (level 3, 0/45 HPs)
             Began as a Barachi Monk on Nov 2, 2023.
             Succumbed to an adder's poison
             ... on level 2 of the Dungeon.
             The game lasted 00:02:56 (1128 turns).

thriggle the Slasher (Barachi Monk)                 Turns: 1128, Time: 00:02:57

Health: 0/45       AC: 21    Str: 14    XL:     3   Next: 97%
Magic:  3/3        EV:  2    Int: 10    God:
Gold:   64         SH:  0    Dex: 14    Spells: 2/2 levels left

rFire   . . .        a - +0 falchion
rCold   . . .        (no shield)
rNeg    . . .        l - melded +0 leather armour
rPois   +            (helmet currently unavailable)
rElec   .            (cloak currently unavailable)
rCorr   .            (gloves currently unavailable)
SInv    .            (boots currently unavailable)
Will    +....        (no amulet)
Stlth   ++           (no ring)
HPRegen 0.27/turn    (no ring)
MPRegen 0.08/turn

%: no passive effects
@: mighty, lethally poisoned (0 -> -2), tree-form, enlightened, invisible
A: stationary, stasis, torment immunity, boosted hp, (amphibious), (slowness 1),
(strong legs 1), +LOS
a: no special abilities


You were on level 2 of the Dungeon.
You were a tree.
You visited 1 branch of the dungeon, and saw 2 of its levels.

You collected 64 gold pieces.

Inventory:

Hand Weapons
 a - a +0 falchion (weapon)
Missiles
 q - 4 stones
Armour
 b - a +0 robe
 d - an orb of light
 i - a +0 scale mail
 l - a +0 leather armour (melded)
Scrolls
 g - 2 scrolls of teleportation {unknown}
 m - a scroll of identify {unknown}
 n - a scroll of vulnerability {unknown}
Potions
 c - a potion of ambrosia
 h - a potion of enlightenment
 j - a potion of invisibility
 k - a potion of brilliance {unknown}
 o - a potion of haste {unknown}
 p - 2 potions of curing {unknown}


   Skills:
 + Level 4.1 Fighting
 + Level 4.2 Long Blades
 + Level 1.5 Armour
 + Level 3.7 Dodging
 + Level 1.1 Stealth


You had 2 spell levels left.
You didn't know any spells.
Your spell library was empty.

Dungeon Overview and Level Annotations

Branches:
Dungeon (2/15)

Altars:
Ashenzari


Innate Abilities, Weirdness & Mutations

You are a tree.
Your roots penetrate the ground, keeping you stationary.
You cannot be teleported.
You are immune to unholy pain and torment.
Your maximum health is greatly increased.
Your equipment is partially melded.
((You are amphibious.))
((You cover ground slowly.))
((You can hop short distances.))
You have an extended range of vision and can be seen from far away.


Message History

You miss the adder.
The adder is heavily wounded.
You feel sick. The adder closely misses you. The adder bites you.
You miss the adder.
The adder is heavily wounded.
You feel sick. The adder bites you.
You are more poisoned.
The adder poisons you!
You closely miss the adder.
The adder is heavily wounded.
You feel very sick. The adder bites you.
* * * LOW HITPOINT WARNING * * *
You are lethally poisoned!
The adder poisons you!
You slash the adder!
You kill the adder!
* * * LOW HITPOINT WARNING * * *
You feel sick.
Unknown command.
Okay, then.
* * * LOW HITPOINT WARNING * * *
You feel sick.
It was a potion of enlightenment.
You feel very buoyant.
You fly up into the air.
* * * LOW HITPOINT WARNING * * *
You feel sick.
It was a potion of invisibility.
You fade into invisibility!
* * * LOW HITPOINT WARNING * * *
You feel sick.
It was a potion of lignification.
You turn into a tree.
Your +0 leather armour melds into your body.
Your roots penetrate the ground.
* * * LOW HITPOINT WARNING * * *
You feel sick.
It was a potion of might.
You feel very mighty all of a sudden.
You die...

###########
#>........#
#.........######
#.#............####
#.#...............#
#.#.....##.........
#.###.#.##.........
#.# #.#..#.........
#.# #.##.#♣.....?..
#.# #.##..#........
#.# #.###..........
#.# #.# #........).
#.# #.. ...#######.
#.##### #... #...#
##### ###.# #.###


There were no monsters in sight!

Vanquished Creatures
  3 adders (D:2)
  4 bats
  2 endoplasms (D:1)
  2 giant cockroaches (D:1)
  2 goblins (D:1)
  5 hobgoblins
  A quokka (D:1)
  2 ball pythons
  4 frilled lizards
  4 kobolds (D:1)
  A rat (D:2)
30 creatures vanquished.

Notes
Turn   | Place    | Note
-------+----------+-------------------------------------------
     0 | D:1      | thriggle the Barachi Monk began the quest for the Orb.
     0 | D:1      | Reached XP level 1. HP: 18/18 MP: 1/1
   125 | D:1      | Reached XP level 2. HP: 6/25 MP: 2/2
   831 | D:2      | Reached skill level 1 in Armour
   831 | D:2      | Reached XP level 3. HP: 30/30 MP: 3/3
   882 | D:2      | Found a broken altar of Ashenzari.
   972 | D:2      | Reached skill level 1 in Stealth
  1126 | D:2      | HP: 1/30 [poisoned by an adder]
  1128 | D:2      | Succumbed to an adder's poison

Illustrated notes

Levels and vault maps discovered:
D:1:      psy_arrival_fountain, layout_basic, minmay_hexomino_f4
D:2:      layout_basic, serial_shops, shop, basic_altar, st_stairs_6,
          skrybe_limestone_x

Skill      XL: |  1  2  3 |
---------------+----------+-----
Long Blades    | 4 |  4.2
Fighting       | 4 |  4.1
Armour         | 1 |  1.5
Stealth        | 1 |  1.1
Dodging        | |  3.7

Action                     || total
---------------------------++-------
  Melee: Falchion          ||    91
    Use: Potion            ||     4
   Stab: Sleeping          ||     2
 Armour: Robe              ||    23
         Leather armour    ||    24
  Dodge: Dodged            ||    87

Table legend: (Time is in decaauts)
 A = Elapsed time spent in this place.
 B = Non-inter-level travel time spent in this place.
 C = Inter-level travel time spent in this place.
 D = Time resting spent in this place.
 E = Time spent auto-exploring this place.
 F = Levels seen in this place.
 G = Mean time per level.
                   A        B        C        D        E       F      G
               +--------+--------+--------+--------+--------+-----+--------+
         Total |   1319 |   1306 |     13 |      0 |    829 |   2 |  659.5 |
       Dungeon |   1319 |   1306 |     13 |      0 |    829 |   2 |  659.5 |
               +--------+--------+--------+--------+--------+-----+--------+

Top non-repeatable levels by time:
     D:1: 947 daAuts
     D:2: 371 daAuts
